Map: Dusk Towers

Players

Chris (MCanning) - Winner!

  • Race: Protoss Protoss
  • League: Grandmaster

Ward

  • Race: Terran Terran
  • League: Diamond

Event: Gauntlet LotV Series 1 Qualifier 1

VOD

Have the link to the VOD?

Description

Time

  • Played on: Nov. 22, 2015, 3:22 p.m.
  • Length: 10:13

All games in this series

Show
View Real Time Build Order
Export as new Build Order

Chris Protoss - Winner!

Build Orders:  

Get SALT Encoding   

  12  0:01  Probe (Chrono Boost)  
  13  0:11  Probe (Chrono Boost)  
  14  0:18  Pylon  
  14  0:22  Probe (Chrono Boost)  
  15  0:37  Probe (Chrono Boost)  
  15  0:41  Gateway  
  16  0:47  Probe (Chrono Boost)  
  17  0:52  Assimilator  
  17  0:58  Probe (Chrono Boost)  
  17  1:02  Pylon  
  18  1:08  Probe (Chrono Boost)  
  19  1:19  Probe (Chrono Boost)  
  20  1:28  Cybernetics Core  
  20  1:29  Probe (Chrono Boost)  
  21  1:40  Probe (Chrono Boost)  
  22  1:50  Probe (Chrono Boost)  
  22  1:53  Nexus  
  23  2:04  Assimilator  
  23  2:05  Mothership Core (Chrono Boost)  
  25  2:11  Adept (Chrono Boost)  
  26  2:23  Probe (Chrono Boost)  
  26  2:24  Warp Gate (Chrono Boost)  
  27  2:34  Probe  
  28  2:38  Adept (Chrono Boost)  
  30  2:46  Probe, Pylon  
  30  2:51  Robotics Facility  
  31  3:04  Probe  
  32  3:07  Pylon  
  33  3:16  Probe  
  33  3:18  Gateway  
  33  3:19  Gateway  
  33  3:28  Gateway  
  33  3:30  Probe  
  33  3:33  Probe  
  34  3:38  Observer (Chrono Boost)  
  36  3:43  Probe  
  36  3:47  Probe  
  38  3:55  Probe  
  39  3:58  Observer (Chrono Boost)  
  39  3:59  Probe  
  41  4:03  Pylon  
  41  4:07  Probe (Chrono Boost)  
  42  4:13  Probe (Chrono Boost), Observer (Chrono Boost)  
  44  4:18  Probe (Chrono Boost)  
  44  4:23  Twilight Council, Adept  
  44  4:24  Stalker  
  50  4:25  Probe (Chrono Boost)  
  50  4:28  Stalker  
  50  4:29  Probe (Chrono Boost)  
  53  4:38  Stalker  
  53  4:42  Probe (Chrono Boost)  
  57  4:46  Probe (Chrono Boost)  
  57  4:50  Assimilator  
  57  4:51  Warp Prism  
  57  4:52  Probe (Chrono Boost)  
  58  4:53  Assimilator  
  58  4:58  Probe (Chrono Boost)  
  61  5:02  Blink (Chrono Boost)  
  61  5:03  Probe (Chrono Boost)  
  62  5:08  Pylon  
  62  5:09  Stalker  
  62  5:10  Probe (Chrono Boost)  
  62  5:13  Probe (Chrono Boost)  
  66  5:15  Stalker  
  69  5:22  Probe (Chrono Boost)  
  69  5:24  Probe (Chrono Boost)  
  69  5:28  Stalker x2  
  74  5:30  Pylon  
  74  5:34  Probe (Chrono Boost), Adept  
  77  5:39  Probe (Chrono Boost)  
  78  5:45  Forge  
  76  5:51  Probe (Chrono Boost)  
  76  5:53  Probe (Chrono Boost)  
  77  6:02  Forge, Robotics Bay  
  77  6:03  Probe x2 (Chrono Boost)  
  79  6:07  Sentry  
  81  6:19  Probe (Chrono Boost)  
  81  6:20  Protoss Ground Weapons Level 1 (Chrono Boost)  
  81  6:22  Nexus  
  81  6:24  Pylon  
  82  6:26  Probe  
  82  6:28  Pylon  
  82  6:31  Photon Cannon  
  83  6:34  Probe, Protoss Ground Armor Level 1 (Chrono Boost)  
  83  6:38  Photon Cannon  
  84  6:44  Probe  
  85  6:51  Probe, Disruptor (Chrono Boost)  
  87  6:58  Adept x2  
  91  7:02  Probe  
  92  7:16  Gateway x2  
  92  7:22  Gateway  
  92  7:25  Disruptor (Chrono Boost)  
  95  7:34  Adept x2  
  95  7:36  Stalker x2  
  103  7:38  Probe  
  103  7:40  Dark Shrine  
  104  7:47  Probe  
  103  7:56  Disruptor (Chrono Boost)  
  106  7:59  Probe  
  106  8:01  Stalker x3  
  106  8:02  Stalker  
  101  8:26  Pylon  
  98  8:29  Pylon  
  98  8:32  Pylon  
  98  8:33  Pylon  
  95  8:44  Probe x2, Disruptor (Chrono Boost)  
  100  8:52  Nexus  
  100  8:55  Dark Templar x2, Pylon  
  104  8:58  Pylon  
  104  9:03  Probe  
  105  9:14  Stalker x5  
  111  9:18  Probe  
  106  9:32  Probe  
  106  9:34  Probe  
  106  9:37  Disruptor (Chrono Boost)  
  111  9:39  Stalker x2  
  111  9:41  Zealot x3  
  111  9:44  Probe  
  122  9:47  Probe  
  122  9:50  Zealot  
Show
View Real Time Build Order
Export as new Build Order

Ward Terran 

Build Orders: 1/1/1, MMM Bio, Banshee Rush 

Get SALT Encoding   

  12  0:01  SCV  
  13  0:14  SCV  
  14  0:18  Supply Depot  
  14  0:26  SCV  
  15  0:30  Refinery  
  15  0:41  Barracks  
  15  0:45  SCV  
  16  0:57  SCV  
  17  1:09  SCV  
  19  1:28  Marine, Orbital Command  
  19  1:32  Factory  
  19  1:44  Supply Depot  
  19  1:46  Marine  
  20  1:54  SCV  
  21  2:04  Marine  
  22  2:12  Refinery  
  22  2:16  SCV  
  22  2:17  Factory Tech Lab  
  22  2:19  Starport  
  23  2:25  Marine  
  23  2:28  Supply Depot  
  23  2:41  SCV  
  24  2:46  Marine  
  24  2:48  Bunker  
  25  2:54  Supply Depot  
  27  3:00  SCV  
  27  3:04  Cloaking Field  
  28  3:07  Marine  
  28  3:12  Banshee  
  27  3:14  Widow Mine  
  27  3:16  SCV  
  33  3:28  SCV  
  33  3:31  Marine  
  35  3:40  SCV  
  36  3:52  Command Center  
  36  3:56  Marine  
  36  3:59  Banshee  
  40  4:04  SCV  
  40  4:05  Supply Depot  
  40  4:06  Factory Reactor  
  41  4:14  Marine  
  41  4:16  SCV  
  43  4:28  SCV  
  44  4:32  Marine  
  45  4:40  SCV  
  46  4:52  SCV  
  48  4:57  Barracks x2  
  48  4:58  Starport Tech Lab  
  47  5:04  SCV  
  47  5:06  Factory Tech Lab, Orbital Command, Supply Depot  
  48  5:14  Marine x2  
  48  5:16  SCV  
  51  5:28  SCV  
  51  5:30  Starport Reactor  
  51  5:31  SCV  
  51  5:32  Marine x2  
  55  5:46  Marine  
  56  5:50  Marine x2  
  55  5:57  SCV x2  
  55  5:59  Combat Shields  
  55  6:00  Stimpack, Marauder  
  59  6:06  Marauder  
  59  6:09  SCV  
  59  6:10  SCV  
  59  6:11  Command Center  
  63  6:12  Refinery  
  63  6:13  Medivac x2  
  63  6:14  Refinery  
  63  6:17  Siege Tank  
  70  6:20  Marine  
  70  6:21  Marine  
  70  6:23  SCV  
  70  6:25  SCV  
  74  6:30  Marauder  
  74  6:31  Marauder  
  78  6:37  Supply Depot  
  78  6:39  Supply Depot  
  78  6:42  SCV x2  
  80  6:47  Marine x2  
  79  6:55  Siege Tank  
  79  6:56  Marauder x2  
  86  7:04  SCV  
  86  7:05  Engineering Bay  
  86  7:07  Engineering Bay  
  87  7:08  Marine  
  87  7:09  Marine  
  87  7:10  SCV  
  90  7:19  SCV  
  91  7:23  Orbital Command  
  91  7:25  SCV  
  90  7:31  SCV  
  90  7:34  Marine x2  
  90  7:35  Marauder, Marine  
  76  7:56  Marine  
  76  7:57  Marauder, Marine  
  76  7:58  Marauder  
  78  8:15  Marine x2  
  78  8:17  SCV x2  
  82  8:22  Siege Tank  
  72  8:39  Marine x2  
  72  8:40  Marauder x2  
  69  8:44  Orbital Command  
  69  9:03  Barracks, Marine x2  
  69  9:04  Barracks, Marauder  
  62  9:17  Missile Turret  
  62  9:19  Missile Turret  
  52  9:31  Marine x2  
  52  9:32  Marauder x2  
  50  9:45  Supply Depot  
  50  9:50  SCV x2  
  52  9:53  Barracks Tech Lab  
  52  9:54  Barracks Reactor  
Tags
 
Add a new tag
Caveats
  • Supply blocks, unpowered buildings, or Contaminate may cause inaccurate times.
  • Supply counts are checked every 10 seconds.